[Event "*** Titled Tuesday Blitz"]
[Site "Chess.com"]
[Date "2021.03.16"]
[Round "10"]
[White "Zhigalko_Sergei"]
[Black "olksuna"]
[Result "1/2-1/2"]
[WhiteElo "2915"]
[BlackElo "2674"]
[TimeControl "180+1"]
[EndTime "11:55:09 PDT"]
[Termination "Game drawn by stalemate"]

1. e4 c5 2. Nf3 e6 3. c3 Nf6 4. e5 Nd5 5. Bc4 d6 6. d4 cxd4 7. cxd4 Nc6 8. O-O Be7 9. Bd2 O-O 10. Nc3 Nxc3 11. Bxc3 dxe5 12. dxe5 Nb4 13. Qb3 Nd5 14. Rfd1 Qb6 15. Bxd5 exd5 16. Qxb6 axb6 17. Rxd5 Be6 18. Rb5 Bc5 19. Bb4 Bxb4 20. Rxb4 Bxa2 21. Rxb6 Bd5 22. Rxa8 Rxa8 23. h3 Bxf3 24. gxf3 g5 25. Rb5 Ra1+ 26. Kg2 Re1 27. h4 gxh4 28. f4 Re4 29. f5 Kg7 30. Kh3 Rf4 31. Rxb7 Rxf5 32. e6 Re5 33. exf7 Rf5 34. b4 Rxf2 35. b5 Rb2 36. b6 Rb4 37. Kh2 Rb3 38. Kg2 h3+ 39. Kh2 Kf8 40. Rc7 Rxb6 41. Kxh3 Rf6 42. Kg4 Rxf7 43.
Rxf7+ Kxf7 44. Kh5 Kg7 45. Kg5 h6+ 46. Kh5 Kh7 47.
Kg4 Kg6 48. Kh4 h5 49. Kg3 Kh6 50. Kh3 Kg5 51. Kg3 h4+ 52. Kh3 Kh5 53. Kg2 Kg4 54.
Kh2 h3 55. Kg1 Kh4 56. Kh1 Kg3 57. Kg1 h2+ 58. Kh1 Kh3 1/2-1/2

[Event "*** Titled Tuesday Blitz"]
[Site "Chess.com"]
[Date "2021.03.16"]
[Round "10"]
[White "AsaHoffmann"]
[Black "korbul"]
[Result "0-1"]
[WhiteElo "2353"]
[BlackElo "2573"]
[TimeControl "180+1"]
[EndTime "11:55:11 PDT"]
[Termination "korbul won on time"]

1. d4 c5 2. dxc5 e6 3. Nc3 Bxc5 4. Ne4 d5 5. Nxc5 Qa5+ 6. c3 Qxc5 7. e4 dxe4 8. Qg4 g6 9. Qxe4 Nc6 10. Nf3 Nf6 11. Qh4 Nd5 12. Bd2 Qe7 13. Qh6 f6 14. Bc4 Nb6 15. Bb3 Bd7 16. O-O-O O-O-O 17. Qe3 e5 18. h3 Be6 19. g4 Bxb3 20. axb3 g5 21. Qe4 Qe6 22. Kc2 Rd7 23. Be3 Nd5 24. Bc1 Rhd8 25. h4 h6 26. hxg5 hxg5 27. Rhe1 Kb8 28.
Qf5 Qxf5+ 29. gxf5 Nde7 30. Rxd7 Rxd7 31. Nxg5 fxg5 32.
f6 Ng6 33. Bxg5 Kc7 34. b4 a6 35. Rh1 Nf4 36. Bxf4 exf4 37. Rh4 f3 38. Rh5 Kd6 39. Rf5 Rf7 40. Rxf3 Ke6 41. Kb3 b5 42. Kc2 Ne5 43. Re3 Rxf6 44. Re2 Kd5 45. b3 Ng4 46. c4+ bxc4 47. bxc4+ Kd4 48. c5 Ne5 49. Kb3 Rf3+ 50. Ka2 Nc6 51. Rb2 Kc4 52. Kb1 Nxb4 0-1

[Event "*** Titled Tuesday Blitz"]
[Site "Chess.com"]
[Date "2021.03.16"]
[Round "10"]
[White "andriipalchuk"]
[Black "lukazz029"]
[Result "1-0"]
[WhiteElo "2561"]
[BlackElo "2253"]
[TimeControl "180+1"]
[EndTime "11:55:12 PDT"]
[Termination "andriipalchuk won on time"]

1. d4 Nf6 2. c4 g6 3. Nf3 Bg7 4. g3 d6 5. Bg2 O-O 6. O-O Nbd7 7. Qc2 e5 8. Rd1 Qe7 9. Nc3 c6 10. e4 Re8 11. b3 exd4 12. Nxd4 Nc5 13. f3 a5 14. Be3 d5 15. cxd5 cxd5 16. e5 Qxe5 17. Bf4 Qe7 18. Ndb5 Ne6 19. Bd6 Qd8 20. Rac1 Bd7 21.
Qf2 Bc6 22. Ba3 Bf8 23. Bxf8 Kxf8 24. Nd4 Kg7 25. Nce2 Rc8 26. Nxe6+ fxe6 27. Bh3 Rc7 28. Nd4 Qd6 29. Qd2 e5 30. Ne2 d4 31. Qxa5 Rce7 32.
Bg2 Nd5 33. Qd2 Qf6 34. f4 Ne3 35. Bxc6 bxc6 36. fxe5 Rxe5 37. Re1 c5 38. b4 Qf3 39. Nf4 g5 40. Nd3 Rf5 41. Rxc5 Ref8 42. Rxf5 Rxf5 43. Qf2 Qe4 44. Qe2 Rf3 45. b5 g4 46. Nf4 Qb7 47. a4 Kh6 48. a5 Kg5 49. Ne6+ Kf6 50. Nxd4 1-0

[Event "*** Titled Tuesday Blitz"]
[Site "Chess.com"]
[Date "2021.03.16"]
[Round "10"]
[White "Margency"]
[Black "GMaka"]
[Result "1/2-1/2"]
[WhiteElo "2719"]
[BlackElo "2490"]
[TimeControl "180+1"]
[EndTime "11:55:13 PDT"]
[Termination "Game drawn by repetition"]

1. e4 c6 2. d4 d5 3. exd5 cxd5 4. c4 Nf6 5. Nc3 g6 6. cxd5 Bg7 7. Qb3 O-O 8. g3 a5 9. Bg2 Na6 10. Nge2 Nb4 11.
O-O Bf5 12. Bf4 Bc2 13. Qa3 Nfxd5 14. Be5 Bf5 15. Bxg7 Kxg7 16. Rad1 Be6 17. Rd2 Qd7 18. Na4 b6 19. Nec3 Rab8 20. Re1 Rfc8 21. Re5 Nxc3 22. Nxc3 Qd6 23. h4 Nc6 24. Qxd6 exd6 25. Re3 Nb4 26. a3 Na6 27. Ne4 d5 28. Ng5 Rc1+ 29.
Kh2 Nc7 30. Nxe6+ fxe6 31. Bh3 Kf6 32. f4 Rd8 33. g4 Rd6 34. g5+ Kf7 35. Kg3 Rdc6 36.
Rde2 R1c2 37. Bf1 Rxe2 38. Rxe2 Nb5 39. Rd2 Nd6 40. Bd3 Rc1 41. Kg2 Ke7 42. a4 Ra1 43. b3 Rc1 44. Rc2 Rxc2+ 45. Bxc2 b5 46. Kf3 bxa4 47.
bxa4 Nc4 48. h5 Kf7 49. h6 Nd6 50. Ke3 Nf5+ 51. Bxf5 exf5 52. Kd3 Ke6 53. Kc3 Kd6 54. Kb3 Kc6 55. Kc3 Kd6 56. Kb3 Kc6 57. Kc3 Kd6 1/2-1/2

[Event "*** Titled Tuesday Blitz"]
[Site "Chess.com"]
[Date "2021.03.16"]
[Round "10"]
[White "profofchess"]
[Black "I_Enchev"]
[Result "0-1"]
[WhiteElo "2441"]
[BlackElo "2559"]
[TimeControl "180+1"]
[EndTime "11:55:13 PDT"]
[Termination "I_Enchev won by resignation"]

1. e4 c6 2. Nc3 d5 3. Nf3 dxe4 4. Nxe4 Nf6 5. Qe2 Nxe4 6. Qxe4 Nd7 7. Bc4 Nf6 8. Ne5 e6 9. Qe2 Qc7 10. d4 Bd6 11. h4 b5 12. Bd3 Bb7 13. h5 h6 14.
Bd2 a6 15. f4 c5 16. dxc5 Bxc5 17. O-O-O O-O-O 18. Rhe1 Kb8 19. Kb1 Ka8 20. g4 Nd5 21. Be4 f6 22. Nd3 Bb6 23. f5 e5 24. Qf3 Rd7 25. Nb4 Rhd8 26. Nxd5 Bxd5 27. Bc1 Qb7 28. Rxd5 Rxd5 29. Rd1 Rxd1 30. Bxb7+ Ka7 31. Bc8 Rxc1+ 32.
Kxc1 Rxc8 33. Qd5 Rc7 34. c3 Be3+ 35. Kc2 Bb6 36. Kb3 Be3 37. a4 bxa4+ 38. Kxa4 Rb7 39. b4 Rc7 40. c4 Bf2 41. c5 Be3 42. c6 Bb6 43. b5 a5 44. Kb3 Bd4 45. Kc4 Bb6 46. Qe6 Bd4 47. Kd5 Be3 48. Qd6 Bb6 49. Qa3 Kb8 50.
Qa4 Ka7 51. Kd6 Kb8 52. Qc4 Ka7 53. Qg8 e4 54. Qd8 Rxc6+ 55. bxc6 Bxd8 56. Kd7 Bb6 0-1

[Event "*** Titled Tuesday Blitz"]
[Site "Chess.com"]
[Date "2021.03.16"]
[Round "10"]
[White "Meri-Arabidze"]
[Black "Orest_Vovk"]
[Result "0-1"]
[WhiteElo "2641"]
[BlackElo "2501"]
[TimeControl "180+1"]
[EndTime "11:55:16 PDT"]
[Termination "Orest_Vovk won by checkmate"]

1. d4 h6 2. c4 g5 3. Nc3 Bg7 4. e4 c5 5. d5 Bxc3+ 6. bxc3 d6 7.
Ne2 Qa5 8. Bd2 Nf6 9. Ng3 Nbd7 10. Be2 Ne5 11. O-O Bd7 12. Rb1 O-O-O 13. Qb3 b6 14. f4 gxf4 15. Bxf4 Ng6 16. Bxd6 Nxd5 17. cxd5 exd6 18.
Rxf7 Ne5 19. Rf6 c4 20. Qb4 Qxb4 21. Rxb4 Kc7 22. Nh5 Rdf8 23. Rb1 Rxf6 24. Nxf6 Rf8 25.
Rf1 b5 26. h4 a5 27. g4 b4 28. cxb4 axb4 29. g5 hxg5 30. hxg5 c3 31. Kh2 Ra8 32. Kg3 Rxa2 33. Bh5 b3 34. g6 Nxg6 35. Bxg6 b2 36. e5 dxe5 37. d6+ Kc8 38. Rh1 Be6 39. Rh8+ Kb7 40.
Re8 Ra3 41. Kh4 Ra4+ 42. Kg5 Bb3 43. Re7+ Kc6 44. d7 c2 45. d8=Q c1=Q+ 46. Kf5 Qf4# 0-1

[Event "*** Titled Tuesday Blitz"]
[Site "Chess.com"]
[Date "2021.03.16"]
[Round "10"]
[White "VinzentSpitzl"]
[Black "Omk124"]
[Result "0-1"]
[WhiteElo "2382"]
[BlackElo "2559"]
[TimeControl "180+1"]
[EndTime "11:55:17 PDT"]
[Termination "Omk124 won by checkmate"]

1. d4 Nf6 2. Nf3 g6 3. g3 Bg7 4.
Bg2 d5 5. O-O O-O 6. c4 dxc4 7.
Qc2 a6 8. Qxc4 b5 9. Qc2 Bb7 10.
Nc3 Nbd7 11. a3 Rc8 12. e4 c5 13. e5 cxd4 14. exf6 Bxf6 15. Nxd4 Bxg2 16. Kxg2 Bxd4 17.
Rd1 Qb6 18. Be3 Bxe3 19. fxe3 Nf6 20. Qe2 Rfd8 21. h3 Qe6 22. Qf3 Kg7 23. g4 h6 24.
Kg3 Rd6 25. Rxd6 Qxd6+ 26. Qf4 e5 27. Qf3 Qd2 28. Qf2 Qxc3 29. bxc3 Ne4+ 30. Kf3 Nxf2 31. Kxf2 Rxc3 32. a4 b4 33. a5 Ra3 34. Rb1 Rxa5 35. Rxb4 Ra2+ 36. Kf3 Rh2 37. Kg3 Ra2 38. h4 a5 39. Rb6 a4 40. g5 hxg5 41. hxg5 a3 42.
Ra6 Ra1 43. Kg2 a2 44. Ra5 Kf8 45. Ra7 Ke8 46. e4 Kd8 47. Ra6 Kc7 48. Ra5 Kb6 49. Ra3 Kb5 50. Ra8 Kc4 51. Ra7 Kd4 52. Ra4+ Ke3 53.
Kh2 Kf4 54. Kg2 Kxg5 55. Ra5 Kf4 56. Ra4 f6 57. Kh2 f5 58. exf5+ Kxf5 59. Kg2 e4 60.
Ra5+ Kf4 61. Ra4 g5 62. Kh2 g4 63. Kg2 Ke5 64. Ra5+ Kd6 65. Ra4 e3 66. Ra6+ Kc7 67. Ra5 e2 68. Ra7+ Kb8 69. Ra3 e1=Q 70. Rb3+ Kc7 71.
Rg3 Qg1# 0-1

[Event "*** Titled Tuesday Blitz"]
[Site "Chess.com"]
[Date "2021.03.16"]
[Round "10"]
[White "Leo_C"]
[Black "The_filthy"]
[Result "0-1"]
[WhiteElo "2409"]
[BlackElo "2324"]
[TimeControl "180+1"]
[EndTime "11:55:19 PDT"]
[Termination "The_filthy won by resignation"]

1. d4 d5 2. c4 c6 3. cxd5 cxd5 4. Bf4 Nc6 5. e3 Nf6 6. Nc3 Bf5 7. Qb3 Qd7 8. Rc1 e6 9. Bb5 a6 10. Be2 Bb4 11.
Nf3 Ne4 12. O-O Bxc3 13. bxc3 O-O 14. c4 dxc4 15. Bxc4 Na5 16. Qb4 Nxc4 17. Qxc4 Rfc8 18. Qb4 f6 19. Nh4 Rxc1 20. Rxc1 Rc8 21. Rf1 Bg6 22.
f3 Nc3 23. Nxg6 hxg6 24. Qb2 Nd5 25. Kh1 g5 26. Bg3 Nxe3 27. Re1 Nf5 28. Bf2 b5 29. Qb3 Rc4 30. a4 Nxd4 31. Bxd4 Rxd4 32. Rxe6 Kh7 33.
Qc2+ Kg8 34. Re1 bxa4 35. h3 a3 36. Qb3+ Qd5 37. Re8+ Kf7 38. Qb8 Rd1+ 39. Kh2 Qd6+ 40. Qxd6 Rxd6 41. Re3 a5 42. Rxa3 Ra6 43. Kg3 a4 44. h4 gxh4+ 45. Kxh4 g6 46. f4 Ra5 47. g4 Ke6 48. g5 f5 49. Re3+ Kd6 50.
Rd3+ Kc6 51. Rc3+ Kb6 52. Re3 a3 53. Re6+ Kc7 54. Rxg6 a2 55. Rg7+ Kc8 56. Rg8+ Kd7 57.
Rg7+ Ke8 58. Rg8+ Kf7 59. Rb8 a1=Q 0-1

[Event "*** Titled Tuesday Blitz"]
[Site "Chess.com"]
[Date "2021.03.16"]
[Round "10"]
[White "ariosp"]
[Black "IAgrest"]
[Result "1-0"]
[WhiteElo "2202"]
[BlackElo "2241"]
[TimeControl "180+1"]
[EndTime "11:55:19 PDT"]
[Termination "ariosp won by resignation"]

1. e4 e5 2. Nf3 Nc6 3. Bc4 Nf6 4.
d4 exd4 5. e5 d5 6. Bb5 Ne4 7.
Nxd4 Bc5 8. Be3 Bd7 9. Bxc6 bxc6 10. O-O O-O 11. f3 Ng5 12. f4 Ne4 13. Nd2 Nxd2 14.
Qxd2 Rb8 15. Nb3 Bb6 16. Qc3 Re8 17. Rae1 Qh4 18. Kh1 Qh5 19. Bd4 Qg6 20. Re3 Bf5 21. Rg3 Qe6 22. Bc5 Qh6 23. Nd4 Be4 24. f5 f6 25. Nxc6 Bxc5 26. Nxb8 Rxb8 27. Qxc5 fxe5 28. Qxc7 Rf8 29. Qxe5 Kh8 30. c4 Qf6 31. Qxf6 Rxf6 32. cxd5 Bxd5 33. b3 h6 34. Rgf3 Bxf3 35. Rxf3 a5 36.
h3 Kg8 37. g4 Kf7 38. Rf4 Rc6 39. Ra4 Rc5 40. Kg2 Kf6 41. Kg3 Ke5 42. Rc4 Rd5 43.
Kh4 Kf6 44. Rc6+ Ke5 45. Kh5 Rd3 46. Kg6 Rxh3 47. Kxg7 Rg3 48. Rc5+ Kd6 49. Rxa5 Rxg4+ 50. Kxh6 Ke7 51. Rb5 Kf6 52. Kh5 Rg2 53. a4 Rg3 54.
a5 Rg1 55. b4 Ra1 56. Kg4 1-0

[Event "*** Titled Tuesday Blitz"]
[Site "Chess.com"]
[Date "2021.03.16"]
[Round "10"]
[White "kreonx"]
[Black "BvsN"]
[Result "1/2-1/2"]
[WhiteElo "2336"]
[BlackElo "2414"]
[TimeControl "180+1"]
[EndTime "11:55:25 PDT"]
[Termination "Game drawn by repetition"]

1. e4 c5 2. c4 Nc6 3. Nc3 g6 4. g3 Bg7 5. Bg2 e6 6. Nge2 Nge7 7. O-O Nd4 8. d3 d6 9. Nxd4 cxd4 10. Ne2 O-O 11.
b4 a5 12. b5 b6 13. e5 Rb8 14. exd6 Qxd6 15. a4 Bb7 16. Ba3 Qd7 17. Bxb7 Qxb7 18. c5 bxc5 19. Bxc5 Rfd8 20. Bxe7 Qxe7 21. Qd2 h5 22.
Qxa5 h4 23. Qd2 Rd5 24. Nf4 Rf5 25. Qe2 Qg5 26. Nh3 Qf6 27. Kg2 Qd8 28. f4 Rc5 29.
Nf2 Qc7 30. Qe4 Rc2 31. Kg1 Qa5 32. Ng4 hxg3 33. hxg3 Qb4 34. Rfc1 Qb2 35. Rxc2 Qxa1+ 36. Kg2 Qxa4 37. Rc7 Qxb5 38. Ne5 Bxe5 39. Qxe5 Qxe5 40. fxe5 Rb5 41. Rd7 Rxe5 42. Rxd4 Rd5 43. Rxd5 exd5 44. Kf3 f5 45. Kf4 Kf7 46. Ke5 Ke7 47. Kxd5 Kf6 48. d4 g5 49. Kc6 f4 50. gxf4 gxf4 51. d5 f3 52. d6 f2 53. d7 f1=Q 54. d8=Q+ Kg7 55.
Qe7+ Kg6 56. Qe6+ Kg7 57. Qe7+ Kg8 58. Qe8+ Kg7 59. Qe7+ 1/2-1/2

[Event "*** Titled Tuesday Blitz"]
[Site "Chess.com"]
[Date "2021.03.16"]
[Round "10"]
[White "Dyadya81"]
[Black "davigator"]
[Result "1-0"]
[WhiteElo "2726"]
[BlackElo "2443"]
[TimeControl "180+1"]
[EndTime "11:55:26 PDT"]
[Termination "Dyadya81 won by resignation"]

1. e4 c5 2. Nc3 Nc6 3. Bb5 Nd4 4. Bc4 e6 5. Nge2 Nc6 6. O-O Nf6 7. d4 cxd4 8. Nxd4 a6 9. Be3 Bb4 10. Nxc6 bxc6 11. e5 Nd5 12. Bxd5 cxd5 13. Qg4 Bf8 14. Na4 Qa5 15. b3 Rb8 16. Rad1 Qc7 17. c4 dxc4 18.
Rc1 h5 19. Qf4 d5 20. bxc4 d4 21. Qxd4 Qc6 22. Nc5 Be7 23. f3 h4 24. h3 Rh5 25.
Rfd1 Qc7 26. Nd3 Bb7 27. Rb1 Rc8 28. Qa7 Bc6 29. Qxc7 Rxc7 30. Rb8+ Bd8 31. Bb6 Rd7 32.
Rxd8+ Rxd8 33. Bxd8 Kxd8 34. Nf4+ Ke7 35. Nxh5 a5 36.
Nxg7 a4 37. Nh5 Bb7 38. Nf6 Ba6 39. Rd7+ Kf8 40. Rc7 Kg7 41. Kf2 Kg6 42. Ke3 Kf5 43. f4 a3 44. Ne4 Kg6 45. Nd6 f6 46. Rc6 Bxc4 47. Rxc4 fxe5 48. fxe5 Kg5 49. Rg4+ Kh5 50. Kf4 Kh6 51. Rxh4+ Kg7 52. Rg4+ Kf8 53. Kg5 Ke7 54. Rc4 Kd7 55. Kf6 Kd8 56. h4 Kd7 57. h5 1-0

[Event "*** Titled Tuesday Blitz"]
[Site "Chess.com"]
[Date "2021.03.16"]
[Round "10"]
[White "Anton_Demchenko"]
[Black "anon132639"]
[Result "1-0"]
[WhiteElo "2892"]
[BlackElo "2763"]
[TimeControl "180+1"]
[EndTime "11:55:27 PDT"]
[Termination "Anton_Demchenko won on time"]

1. e4 c5 2. Nf3 Nc6 3. Bb5 Nf6 4. Nc3 Qc7 5. O-O Nd4 6. Re1 a6 7. Bf1 e5 8. a4 d6 9. h3 Be7 10. Bc4 O-O 11. d3 h6 12. Nd5 Nxd5 13. Bxd5 Be6 14. Bxe6 fxe6 15. Nd2 Bg5 16. c3 Nc6 17. Qg4 Qf7 18. Qe2 b5 19. Nf3 Bxc1 20. Rexc1 Qh5 21. Qe3 b4 22. a5 Rab8 23. Nd2 bxc3 24. bxc3 Rb5 25. Rcb1 Rfb8 26. Rxb5 axb5 27. a6 Qf7 28. Qe2 Qa7 29. Qg4 Qe7 30. h4 Ra8 31. h5 b4 32.
c4 Nd4 33. g3 b3 34. Kg2 b2 35.
Ra2 Rb8 36. a7 Ra8 37. Rxb2 Qxa7 38. Nf3 Qf7 39. Nh4 Kh7 40. Qg6+ Qxg6 41. Nxg6 Kg8 42.
Rb7 Nc2 43. Kf3 Nd4+ 44. Ke3 Nc6 45. Rc7 Nd4 46. Rd7 Kh7 47. Kd2 Ra2+ 48. Kc1 Rxf2 49. Rd8 Rf1+ 50. Kb2 Rf2+ 51. Ka3 Nc2+ 52. Ka4 1-0

[Event "*** Titled Tuesday Blitz"]
[Site "Chess.com"]
[Date "2021.03.16"]
[Round "10"]
[White "dosto07"]
[Black "crazy_but_lazy"]
[Result "1-0"]
[WhiteElo "2366"]
[BlackElo "2456"]
[TimeControl "180+1"]
[EndTime "11:55:27 PDT"]
[Termination "dosto07 won by resignation"]

1. d4 e6 2. e4 d5 3. Nd2 h6 4.
Bd3 c5 5. dxc5 Bxc5 6. Ngf3 Nf6 7. Qe2 Nc6 8. O-O Nb4 9. e5 Nd7 10. Nb3 Nxd3 11. cxd3 b6 12. Bf4 Ba6 13. Rac1 Rc8 14.
h4 Be7 15. h5 Nc5 16. Nxc5 bxc5 17. Rfd1 Qb6 18. Qd2 Rb8 19. b3 Qb4 20. Qxb4 Rxb4 21. Be3 d4 22. Bd2 Rb8 23. b4 Bxd3 24. bxc5 Be2 25.
Re1 Bxf3 26. gxf3 Rb2 27. Red1 O-O 28. a4 Rc8 29. c6 d3 30. Be3 Rc2 31. Rxd3 Rxc1+ 32.
Bxc1 Rxc6 33. Be3 a6 34. Rd7 Kf8 35. a5 Ke8 36. Ra7 Bd8 37. Ra8 Kd7 38. Ra7+ Ke8 39. Ra8 Kd7 40. Ra7+ Rc7 41. Rxa6 Kc8 42. Ra8+ Kd7 43.
Rxd8+ Kxd8 44. Bb6 Kc8 45. Bxc7 Kxc7 46. f4 Kb7 47. Kg2 Ka6 48. Kf3 Kxa5 49. f5 Kb5 50. fxe6 fxe6 51. Ke4 Kc4 52. f4 Kc5 53. f5 Kc6 54.
fxe6 Kc7 55. Kf5 Kd8 56. Kg6 Ke7 57. Kxg7 Kxe6 58. Kxh6 Kxe5 59. Kg7 Ke6 60. h6 1-0

[Event "*** Titled Tuesday Blitz"]
[Site "Chess.com"]
[Date "2021.03.16"]
[Round "10"]
[White "VladaSviridova"]
[Black "annacramling"]
[Result "1-0"]
[WhiteElo "2204"]
[BlackElo "1998"]
[TimeControl "180+1"]
[EndTime "11:55:29 PDT"]
[Termination "VladaSviridova won on time"]

1. d4 Nf6 2. c4 e6 3. Nf3 d5 4. Nc3 Be7 5. Bf4 c6 6. e3 O-O 7.
h3 Nbd7 8. Rc1 b6 9. a3 Bb7 10.
cxd5 exd5 11. Bd3 c5 12. O-O Rc8 13. Ne5 Nxe5 14. Bxe5 Nd7 15. Bh2 Bf6 16. Nb5 cxd4 17. Rxc8 Qxc8 18. Nd6 Qc6 19. Bb5 Qc7 20. Nf5 Qd8 21.
exd4 a6 22. Be2 b5 23. Bf3 Nb6 24. b3 Qd7 25. Bg4 Qd8 26. Nd6 Bc6 27. Qc2 Bd7 28.
Nf5 Qc8 29. Qc5 g6 30. Nh6+ Kg7 31. Bxd7 Nxd7 32. Qxc8 Rxc8 33. Ng4 Bxd4 34. Rd1 Be5 35. Nxe5 Nxe5 36. Bxe5+ f6 37. Bd4 Kf7 38. Kf1 Ke6 39. Ke2 Kf5 40. f3 Re8+ 41. Kf2 Re6 42. Rc1 a5 43. Rc5 Rd6 44. g4+ Ke6 45. Ke3 b4 46. axb4 axb4 47. Rb5 f5 48. g5 Rc6 49. Rxb4 Rc1 50.
Rb6+ Kf7 51. Rb7+ Kg8 52. Rg7+ Kf8 53. Rxh7 Re1+ 54. Kf4 Rd1 55. Bc5+ Ke8 56. Re7+ Kd8 57. Rg7 1-0

[Event "*** Titled Tuesday Blitz"]
[Site "Chess.com"]
[Date "2021.03.16"]
[Round "10"]
[White "ViktoriyaTarasova"]
[Black "UCantHandleDenker"]
[Result "1-0"]
[WhiteElo "2389"]
[BlackElo "2505"]
[TimeControl "180+1"]
[EndTime "11:55:30 PDT"]
[Termination "ViktoriyaTarasova won by resignation"]

1. d4 Nf6 2. c4 c5 3. d5 d6 4. Nc3 g6 5. e4 Bg7 6. Nf3 O-O 7. Bd3 e6 8. O-O exd5 9. exd5 Bg4 10. h3 Bxf3 11. Qxf3 Nbd7 12. Qd1 a6 13. a4 Ne5 14. Be2 Ne8 15. Be3 f5 16. Qd2 Nf6 17. Bh6 Rc8 18.
Bxg7 Kxg7 19. f4 Nf7 20. Bd3 Re8 21. Rfe1 Rc7 22. Rxe8 Qxe8 23. Re1 Re7 24. Rxe7 Qxe7 25. Qe2 Qxe2 26. Bxe2 h6 27. Kf2 g5 28. Ke3 Nh8 29.
Bd3 Ng6 30. Bxf5 Nxf4 31. g3 Ng6 32. Bc8 Ne5 33. b3 b6 34. Bxa6 Nh5 35. Ne4 Kf8 36.
Nxd6 Nxg3 37. Nc8 h5 38. Bb5 h4 39. d6 g4 40. d7 Nf5+ 41. Kf2 Nxd7 42. Bxd7 g3+ 43.
Kg1 Nd4 44. Nxb6 Nxb3 45. Bc6 Ke7 46. Nd5+ Kd6 47. Bb5 Nd4 48. Ne3 Nf3+ 49. Kg2 Ne1+ 50. Kg1 Nf3+ 51. Kf1 Ng5 52. Ng2 Nxh3 53. Nxh4 Nf4 54.
Ng2 Nd3 55. Ke2 Nb4 56. Kf3 Kc7 57. Kxg3 Kb6 58. Kf4 Ka5 59. Ne3 Nc2 60. Nxc2 1-0

[Event "*** Titled Tuesday Blitz"]
[Site "Chess.com"]
[Date "2021.03.16"]
[Round "10"]
[White "enriquetejedor"]
[Black "VladimirBugayev"]
[Result "1-0"]
[WhiteElo "2537"]
[BlackElo "2295"]
[TimeControl "180+1"]
[EndTime "11:55:31 PDT"]
[Termination "enriquetejedor won on time"]

1. e4 c6 2. Nc3 d5 3. Nf3 dxe4 4.
Nxe4 Nf6 5. d3 Nxe4 6. dxe4 Qxd1+ 7. Kxd1 Bg4 8. Be2 Nd7 9. Ng5 Bxe2+ 10. Kxe2 h6 11.
Nf3 e5 12. Be3 Bc5 13. Bxc5 Nxc5 14. Nxe5 Nxe4 15. Rhe1 O-O 16. Rad1 Rfe8 17. Kf3 Rxe5 18. Rxe4 Rxe4 19. Kxe4 Re8+ 20. Kf3 Re7 21. Rd8+ Kh7 22.
Ra8 a6 23. Rd8 Kg6 24. Rd4 Kf6 25. Rf4+ Kg6 26. Re4 Rd7 27. Ke2 Kf5 28. Re3 g5 29.
Rd3 Re7+ 30. Re3 Rd7 31. h3 Kg6 32. Rd3 Re7+ 33. Kd2 Kf5 34. Rf3+ Kg6 35. Re3 Rd7+ 36. Kc3 f5 37. Re6+ Kg7 38. Re2 Kf6 39. Kc4 Rd5 40. a4 a5 41. c3 f4 42. b4 axb4 43. cxb4 f3 44. gxf3 Kf5 45. b5 Kf4 46. Re6 Rd2 47. bxc6 bxc6 48. Rxh6 Rc2+ 49. Kb3 Rxf2 50. Rxc6 Rxf3+ 51.
Rc3 Rf1 52. a5 Rb1+ 53. Ka4 Rb8 54. a6 Ke4 55. Ka5 Kd4 56. Rc1 Rb3 57. a7 Rxh3 58.
Ra1 1-0

[Event "*** Titled Tuesday Blitz"]
[Site "Chess.com"]
[Date "2021.03.16"]
[Round "10"]
[White "Vandros57"]
[Black "DanilovVladimir"]
[Result "1/2-1/2"]
[WhiteElo "2209"]
[BlackElo "2401"]
[TimeControl "180+1"]
[EndTime "11:55:31 PDT"]
[Termination "Game drawn - insufficient material"]

1. d4 Nf6 2. c4 e6 3. Nf3 b6 4. g3 Ba6 5. Qa4 c6 6. Nc3 b5 7. cxb5 cxb5 8. Nxb5 Qb6 9. Nc3 Bb4 10. Bg2 Nc6 11.
O-O Bxc3 12. bxc3 Bxe2 13. Re1 Bb5 14. Qa3 Qa5 15. Ne5 Qxa3 16. Bxa3 Rc8 17. c4 Ba4 18. Nxc6 Bxc6 19. d5 Ba8 20. Rab1 Kd8 21. f4 Rxc4 22.
Rb8+ Rc8 23. Rxc8+ Kxc8 24. dxe6 Bxg2 25. exf7 Bd5 26.
f8=Q+ Rxf8 27. Bxf8 Bxa2 28. Ra1 Bd5 29. Rxa7 Ne8 30.
Kf2 g6 31. Ke3 Bc6 32. Be7 Nc7 33. Bc5 Nd5+ 34. Kd4 Kb8 35. Ra1 Kb7 36. Ke5 Nc3 37. Rc1 Ne4 38. Be7 Ka6 39. Kd4 Kb5 40. Rb1+ Ka6 41. g4 Nd2 42. Ra1+ Kb7 43. f5 Nb3+ 44. Ke5 Nxa1 45. f6 d6+ 46. Kxd6 Be8 47. Ke6 Nc2 48. f7 Nd4+ 49. Kf6 Bxf7 50. Kxf7 Nf3 51. h4 Ne5+ 52. Kg7 Nxg4 53. Kxh7 Ne5 54. Bf6 Nf3 55. Kxg6 Nxh4+ 1/2-1/2

[Event "*** Titled Tuesday Blitz"]
[Site "Chess.com"]
[Date "2021.03.16"]
[Round "10"]
[White "xberli"]
[Black "vladgoncharov"]
[Result "0-1"]
[WhiteElo "2598"]
[BlackElo "2474"]
[TimeControl "180+1"]
[EndTime "11:55:34 PDT"]
[Termination "vladgoncharov won by resignation"]

1. e4 e6 2. d4 d5 3. Nc3 Bb4 4. e5 b6 5. h4 Qd7 6. h5 h6 7. Qg4 f5 8. exf6 Nxf6 9. Qg6+ Qf7 10. Bd3 O-O 11. Nf3 Qxg6 12. hxg6 Ba6 13. a3 Bxc3+ 14.
bxc3 Bxd3 15. cxd3 Nbd7 16. Bf4 c5 17. Bd6 Rfe8 18. Kd2 Rac8 19. Rhe1 c4 20. Ne5 cxd3 21. f3 Nxe5 22. Bxe5 Nd7 23. Kxd3 Rc6 24. a4 Rec8 25. Ra3 Nxe5+ 26. Rxe5 Kf8 27. f4 Ke7 28. f5 Kf6 29. g4 exf5 30. gxf5 h5 31. Rxd5 h4 32. Ke4 h3 33. c4 Rh8 34. Ra1 h2 35. Rh1 Rh4+ 36. Kd3 Rh3+ 37. Ke4 Rxc4 38. Rd6+ Kg5 39. Rd7 Rxa4 40. Rxg7 Rh4+ 41. Ke3 Kxf5 42. Rf1+ Ke6 43. Rh1 Ra3+ 44. Kf2 Kf6 45. Rg8 Rxd4 46. g7 Kf7 47. Rf8+ Kxg7 48. Rf3 Rd2+ 49. Kg3 Rxf3+ 50. Kxf3 Rb2 51.
Kg3 a5 52. Kh3 Kh6 53. Kg3 a4 54. Kh3 a3 55. Kg4 a2 56. Kh4 b5 57. Kh3 b4 58.
Kg3 b3 59. Rc1 Rc2 60. Re1 b2 61. Re6+ Kg7 62. Re7+ Kf6 63. Re2 Rxe2 0-1

[Event "*** Titled Tuesday Blitz"]
[Site "Chess.com"]
[Date "2021.03.16"]
[Round "10"]
[White "Chigorinetz"]
[Black "Supernotar"]
[Result "0-1"]
[WhiteElo "2499"]
[BlackElo "2711"]
[TimeControl "180+1"]
[EndTime "11:55:37 PDT"]
[Termination "Supernotar won on time"]

1. e4 c6 2. d4 d5 3. f3 dxe4 4. fxe4 e5 5. Nf3 Bg4 6. Bc4 Nd7 7. c3 b5 8. Bb3 Ngf6 9. O-O Bd6 10. Bg5 Qc7 11.
Nbd2 O-O 12. Qe1 Bh5 13. Qh4 Bg6 14. Rae1 Rae8 15. Kh1 a6 16. a3 Qb8 17. Re3 c5 18.
dxe5 Bxe5 19. Nxe5 Qxe5 20. Nf3 Qc7 21. e5 c4 22. exf6 Rxe3 23. Bxe3 cxb3 24. fxg7 Re8 25. Bd4 Qc4 26. Rd1 Qc6 27. h3 f6 28. Rf1 Kxg7 29.
Nh2 Re2 30. Rf2 Rxf2 31. Qxf2 Qe4 32. Ng4 Bf5 33. Ne3 Be6 34. Kh2 Ne5 35. Qg3+ Ng6 36. Qc7+ Bf7 37. Kg1 Nf4 38. Qd6 Ne2+ 39. Kf2 Nxd4 40.
Qxd4 Qb1 41. Qd2 Bg6 42. g4 Bd3 43. Nd5 Bc4 44. Ne3 Bd3 45. Kg3 Bg6 46. Qd7+ Kh6 47. Qd2 Kg7 48. h4 h5 49. g5 fxg5 50. Qd7+ Bf7 51.
Qd4+ Kg8 52. hxg5 Qg1+ 53. Kf4 Qh2+ 54. Kf5 Qc7 55. Kf6 Qc6+ 56. Ke7 Qe8+ 0-1

[Event "*** Titled Tuesday Blitz"]
[Site "Chess.com"]
[Date "2021.03.16"]
[Round "10"]
[White "Mrlammy"]
[Black "Kislov_Oleg"]
[Result "0-1"]
[WhiteElo "2323"]
[BlackElo "2451"]
[TimeControl "180+1"]
[EndTime "11:55:37 PDT"]
[Termination "Kislov_Oleg won by checkmate"]

1. e4 c5 2. Nf3 Nc6 3. Bb5 g6 4. O-O Bg7 5. c3 Nf6 6. Re1 O-O 7.
d4 cxd4 8. cxd4 d5 9. e5 Ne4 10.
Nc3 Nxc3 11. bxc3 Na5 12. h3 Bd7 13. Bd3 Rc8 14. Bd2 Nc4 15. Bxc4 Rxc4 16. Ng5 h6 17. Nf3 Bf5 18. Qb3 b6 19. Rec1 Qc8 20. Ne1 h5 21.
a4 Qc6 22. a5 b5 23. Qa3 e6 24. Qe7 a6 25. Nf3 Rc8 26. Ng5 Qc7 27. Qa3 Bf8 28. Qb2 Be7 29. Nf3 Qd8 30. Kh1 b4 31.
cxb4 Qd7 32. Rxc4 Rxc4 33. Rc1 Qb5 34. Rxc4 dxc4 35. Qc3 Be4 36. Ne1 Bd5 37. Nc2 Qa4 38. Ne3 Qb3 39. Qxb3 cxb3 40. Nd1 Be4 41. Nb2 Kf8 42. f3 Bc2 43. Kg1 Ke8 44. Kf2 Kd7 45. Ke3 Kc6 46. Bc3 Kb5 47. Kd2 Bxb4 48. Bxb4 Kxb4 49.
Kc1 Kxa5 50. Nc4+ Kb4 51. Nd6 Kc3 52. Ne4+ Bxe4 53. fxe4 Kxd4 54. Kb2 Kxe5 55. Kxb3 Kxe4 56. Ka4 Kf4 57. Ka5 e5 58. Kxa6 e4 59. h4 e3 60. g3+ Kxg3 61. Kb6 e2 62. Kc6 e1=Q 63. Kd7 Qe6+ 64. Kd8 Kxh4 65. Kc7 f5 66. Kd8 Qf7 67. Kc8 f4 68. Kb8 f3 69. Kc8 f2 70. Kb8 f1=Q 71. Kc8 Qe7 72. Kb8 Qff8# 0-1